 Dungeon Sprint DCSS version 0.27-a0-1442-g87b6fcb595 (webtiles) character file.

Game seed: 8843327404921843181

7367 mhtbhm the Severer (level 11, -23/137 HPs)
             Began as an Ogre Berserker on July 4, 2021.
             Was the Champion of Trog.
             Annihilated by an ogre (29 damage)
             ... in the Dungeon (Sprint VII: "The Pits").
             The game lasted 00:02:07 (1346 turns).

mhtbhm the Severer (Ogre Berserker)                 Turns: 1346, Time: 00:02:07

Health: -23/137    AC:  3    Str: 26    XL:     11   Next: 14%
Magic:  3/3        EV: 12    Int:  8    God:    Trog [******]
Gold:   0          SH:  0    Dex:  8    Spells: 10/10 levels left

rFire    . . .     SeeInvis .   a - +2 battleaxe (antimagic)
rCold    . . .     Faith    .   (shield currently unavailable)
rNeg     . . .     Spirit   .   b - +0 robe
rPois    .         Reflect  .   (helmet restricted)
rElec    .         Harm     .   (no cloak)
rCorr    .         Rampage  .   (gloves unavailable)
Will     +....     NoTele   +   (boots unavailable)
Stlth    ++........             (no amulet)
HPRegen  0.32/turn              (no ring)
MPRegen  0.08/turn              (no ring)

@: on berserk cooldown, slowed, very slow
A: large, unfitting armour, tough skin 1
a: Renounce Religion, Berserk, Trog's Hand, Brothers in Arms


You were in the Dungeon.
You worshipped Trog.
Trog was exalted by your worship.
You visited 1 branch

Inventory:

Hand Weapons
 a - a +2 antimagic battleaxe (weapon)
Armour
 b - a +0 robe (worn)
Jewellery
 k - a +3 ring of strength
 n - a +3 ring of intelligence
Scrolls
 h - a scroll of blinking
 j - a scroll of summoning
Potions
 c - 10 potions of curing
 d - 8 potions of heal wounds
 e - a potion of haste
 f - 4 potions of magic
 g - 3 potions of berserk rage
 i - 2 potions of invisibility
 l - a potion of resistance
 m - a potion of might
 o - a potion of mutation


   Skills:
 + Level 16.9 Fighting
 + Level 18.4 Axes
 + Level 10.8 Dodging
 + Level 3.3 Stealth


You had 10 spell levels left.
You didn't know any spells.
Your spell library was empty.

Dungeon Overview and Level Annotations

Branches:
Dungeon (1/1)

Altars:
Cheibriados
Dithmenos
Elyvilon
Fedhas
Gozag
Hepliaklqana
Makhleb
Nemelex Xobeh
Okawaru
Qazlal
Ru
Sif Muna
Trog
Vehumet
Wu Jian
Xom
Yredelemnul
Zin
The Shining One
Beogh
Jiyva
Lugonu


Innate Abilities, Weirdness & Mutations

You are too large for most types of armour.
You have tough skin. (AC +1)


Message History

Unknown command.
You dice the two-headed ogre like an onion!!!
The two-headed ogre is almost dead.
Unknown command.
You dice the two-headed ogre like an onion!!!
You kill the two-headed ogre!
Trog accepts your kill.
You barely miss the ogre.
Your Axes skill increases to level 18!
You have reached level 11!
You slash the two-headed ogre!
The two-headed ogre is moderately wounded.
You slice the ogre!! The ogre misses you.
You dice the two-headed ogre like an onion!!!
You kill the two-headed ogre!
Trog accepts your kill.
You slice the ogre!!
You kill the ogre!
Trog accepts your kill.
Unknown command.
The two-headed ogre hits you with a +0 giant club!!
The two-headed ogre hits you with a +0 giant spiked club!!
Items here: )))) †.
Unknown command.
You feel a strong urge to attack something.
You are no longer berserk.
You are exhausted.
You feel yourself slow down. The ogre hits you with a +0 giant club.
The two-headed ogre hits you with a +0 giant spiked club!!
The two-headed ogre hits you with a +0 giant club!!
Unknown command.
You slice the ogre!!
The ogre is severely wounded.
You slash the two-headed ogre! You slice the two-headed ogre!!
The two-headed ogre hits you with a +0 giant club!!
* * * LOW HITPOINT WARNING * * *
The two-headed ogre hits you with a +0 giant spiked club!!
* * * LOW HITPOINT WARNING * * *
The ogre hits you with a +0 giant club!!
You die...

########################
............).)OO.......
)............)))@O......
###########++###########


You could see 2 two-headed ogres and an ogre.

Vanquished Creatures
  An ogre mage (D)
  3 two-headed ogres (D)
  A deep elf knight (D)
  2 deep elf pyromancers (D)
  A deep elf zephyrmancer (D)
  A manticore (D)
  A komodo dragon (D)
  A hornet (D)
  Sigmund (D)
  A tarantella (D)
  A wraith (D)
  A spriggan (D)
  A floating eye (D)
  A sky beast (D)
  An ogre (D)
  A hell rat (D)
  A river rat (D)
  An ufetubus (D)
  An orc (D)
  2 ball pythons (D)
  A bat (D)
  An endoplasm (D)
  2 goblins (D)
  5 jackals (D)
  A kobold (D)
  A quokka (D)
  A ball python skeleton (D)
  A ball python zombie (D)
  A frilled lizard (D)
  A jackal zombie (D)
  A rat (D)
40 creatures vanquished.

Vanquished Creatures (collateral kills)
  A death cob (D)
  An orc sorcerer (D)
2 creatures vanquished.

Grand Total: 42 creatures vanquished

Notes
Turn   | Place    | Note
-------+----------+-------------------------------------------
     0 | D        | mhtbhm the Ogre Berserker began the quest for the Orb.
     0 | D        | Reached XP level 1. HP: 24/24 MP: 1/1
    59 | D        | Reached ** piety under Trog
    89 | D        | Noticed a floating eye
    91 | D        | Killed a floating eye
    92 | D        | Reached skill level 6 in Axes
    92 | D        | Reached skill level 5 in Dodging
    92 | D        | Reached XP level 2. HP: 40/40 MP: 2/2
    92 | D        | Reached XP level 3. HP: 46/46 MP: 3/3
    92 | D        | Reached XP level 4. HP: 55/55 MP: 4/4
   102 | D        | Reached XP level 5. HP: 63/63 MP: 5/5
   151 | D        | Reached *** piety under Trog
   153 | D        | Noticed Sigmund
   159 | D        | Killed Sigmund
   159 | D        | Reached **** piety under Trog
   160 | D        | Reached skill level 8 in Axes
   160 | D        | Reached XP level 6. HP: 78/78 MP: 6/6
   264 | D        | Found a bloodstained altar of Trog.
   264 | D        | Found a shimmering blue altar of Sif Muna.
   264 | D        | Found a viscous altar of Jiyva.
   264 | D        | Found a hazy altar of Hepliaklqana.
   264 | D        | Found an opulent altar of Gozag.
   265 | D        | Found a glowing golden altar of the Shining One.
   265 | D        | Found a glowing silver altar of Zin.
   265 | D        | Found a basalt altar of Yredelemnul.
   265 | D        | Found a shimmering altar of Xom.
   265 | D        | Found an ornate altar of the Wu Jian Council.
   265 | D        | Found a sacrificial altar of Ru.
   265 | D        | Found a stormy altar of Qazlal.
   265 | D        | Found an iron altar of Okawaru.
   265 | D        | Found a sparkling altar of Nemelex Xobeh.
   265 | D        | Found a burning altar of Makhleb.
   265 | D        | Found a blossoming altar of Fedhas.
   265 | D        | Found a white marble altar of Elyvilon.
   265 | D        | Found a shadowy altar of Dithmenos.
   265 | D        | Found a snail-covered altar of Cheibriados.
   297 | D        | Reached skill level 10 in Fighting
   316 | D        | Noticed a sky beast
   325 | D        | Killed a sky beast
   325 | D        | Reached ***** piety under Trog
   326 | D        | Reached skill level 9 in Axes
   379 | D        | Noticed a hornet
   385 | D        | Killed a hornet
   386 | D        | Reached skill level 10 in Axes
   386 | D        | Reached XP level 7. HP: 88/88 MP: 7/7
   439 | D        | Received a gift from Trog
   549 | D        | Noticed a wraith
   549 | D        | Noticed a komodo dragon
   555 | D        | Killed a wraith
   556 | D        | Reached skill level 11 in Axes
   558 | D        | Killed a komodo dragon
   559 | D        | Reached XP level 8. HP: 75/98 MP: 2/8
   770 | D        | Found a radiant altar of Vehumet.
   770 | D        | Found a corrupted altar of Lugonu.
   809 | D        | Received a gift from Trog
   879 | D        | Noticed a deep elf pyromancer
   962 | D        | Noticed a tarantella
   962 | D        | Noticed a deep elf knight
   962 | D        | Noticed a deep elf zephyrmancer
   962 | D        | Noticed a deep elf pyromancer
   962 | D        | Noticed a manticore
   966 | D        | Killed a manticore
   967 | D        | Reached skill level 12 in Axes
   969 | D        | Killed a tarantella
   969 | D        | Reached ****** piety under Trog
   970 | D        | Reached skill level 13 in Axes
   970 | D        | Reached skill level 1 in Stealth
   973 | D        | Killed a deep elf pyromancer
   974 | D        | Reached XP level 9. HP: 111/111 MP: 3/9
   975 | D        | Killed a deep elf knight
   976 | D        | Reached skill level 14 in Axes
   979 | D        | Killed a deep elf zephyrmancer
   980 | D        | Reached skill level 15 in Axes
   981 | D        | Killed a deep elf pyromancer
   981 | D        | Received a gift from Trog
   982 | D        | Reached skill level 15 in Fighting
   982 | D        | Reached skill level 10 in Dodging
   982 | D        | Reached XP level 10. HP: 115/124 MP: 3/10
  1137 | D        | Noticed an orc sorcerer
  1138 | D        | Noticed a death cob
  1144 | D        | Killed an orc sorcerer
  1147 | D        | Killed a death cob
  1148 | D        | Reached skill level 16 in Axes
  1330 | D        | Noticed a two-headed ogre
  1331 | D        | Noticed an ogre mage
  1331 | D        | Noticed a two-headed ogre
  1334 | D        | Noticed a two-headed ogre
  1335 | D        | Noticed a two-headed ogre
  1335 | D        | Noticed a two-headed ogre
  1337 | D        | Killed a two-headed ogre
  1338 | D        | Reached skill level 17 in Axes
  1338 | D        | Killed an ogre mage
  1338 | D        | Received a gift from Trog
  1341 | D        | Killed a two-headed ogre
  1342 | D        | Reached skill level 18 in Axes
  1342 | D        | Reached XP level 11. HP: 137/137 MP: 3/11
  1343 | D        | Killed a two-headed ogre
  1346 | D        | HP: 6/137 [two-headed ogre (19)]
  1346 | D        | Annihilated by an ogre

Illustrated notes

Levels and vault maps discovered:
D:        pitsprint [storerooms_1, entrance_room_1, metal_vault_4, armoury_1,
          mini_pit_1, grid_room_1, main_hall_1, silver_pit, the_coven_1,
          the_vestibule_1, steel_vault_5, golden_pit, hallway_of_sentries,
          crystal_vault_1, iron_vault_2, final_vault]

Skill      XL: |  1  2  3  4  5  6  7  8  9 10 |
---------------+-------------------------------+-----
Dodging        | 5 7 8 9 10 | 10.8
Fighting       | 7 9 11 12 13 15 16 | 16.9
Axes           | 6 8 10 11 13 15 18 | 18.4
Stealth        | 1 3 |  3.3

Action                   |  1- 3 |  4- 6 |  7- 9 | 10-12 || total
-------------------------+-------+-------+-------+-------++-------
Melee: Hand axe          |     8 |    33 |     7 |       ||    48
       Battleaxe         |       |       |    32 |    11 ||    43
Invok: Berserk           |     1 |     3 |     2 |     2 ||     8
       Brothers in Arms  |       |       |       |     1 ||     1
Armor: Animal skin       |     3 |     4 |       |       ||     7
       Robe              |       |     3 |     7 |       ||    10
Dodge: Dodged            |     4 |    21 |    20 |     8 ||    53

Table legend: (Time is in decaauts)
 A = Elapsed time spent in this place.
 B = Non-inter-level travel time spent in this place.
 C = Inter-level travel time spent in this place.
 D = Time resting spent in this place.
 E = Time spent auto-exploring this place.
 F = Levels seen in this place.
 G = Mean time per level.
                   A        B        C        D        E       F      G
               +--------+--------+--------+--------+--------+-----+--------+
         Total |   1416 |   1416 |      0 |    833 |    194 |   1 | 1416.0 |
       Dungeon |   1416 |   1416 |      0 |    833 |    194 |   1 | 1416.0 |
               +--------+--------+--------+--------+--------+-----+--------+

Top non-repeatable levels by time:
       D: 1416 daAuts
